 Dungeon Crawl Stone Soup version 0.31.0-11-ge490571c62 (webtiles) character file.

Game seed: 12350614157525500589

9 browni3141 the Shooter (level 2, 22/22 HPs)
             Began as a Demonspawn Hunter on Jan 31, 2024.
             Got out of the dungeon alive.
             The game lasted 00:00:05 (411 turns).

browni3141 the Shooter (Demonspawn Hunter)           Turns: 411, Time: 00:00:05

Health: 22/22      AC:  3    Str: 11    XL:     2   Next: 3%
Magic:  2/2        EV: 14    Int:  9    God:
Gold:   27         SH:  0    Dex: 16    Spells: 1/1 levels left

rFire   . . .        a - +0 shortbow
rCold   . . .        (shield currently unavailable)
rNeg    . . .        c - +0 leather armour
rPois   .            (no helmet)
rElec   .            (no cloak)
rCorr   .            (no gloves)
SInv    .            (no boots)
Will    .....        (no amulet)
Stlth   ++           (no ring)
HPRegen 0.23/turn    (no ring)
MPRegen 0.08/turn

%: no passive effects
@: no status effects
A: repulsion field 1
a: no special abilities


You escaped.
You visited 1 branch of the dungeon, and saw 1 of its levels.

You collected 27 gold pieces.

Inventory:

Hand Weapons
 a - a +0 shortbow (weapon)
Armour
 c - a +0 leather armour (worn)
Scrolls
 b - a scroll of butterflies
 f - a scroll of identify {unknown}
 g - a scroll of fear {unknown}
Potions
 d - a potion of degeneration {unknown}
 e - a potion of mutation {unknown}
 h - a potion of curing {unknown}


   Skills:
 + Level 2.2 Fighting
 + Level 3.7 Ranged Weapons
 + Level 2.0 Dodging
 + Level 1.2 Stealth


You had one spell level left.
You didn't know any spells.
Your spell library was empty.

Dungeon Overview and Level Annotations

Branches:
Dungeon (1/15)

Altars:


Innate Abilities, Weirdness & Mutations

You are surrounded by a mild repulsion field. (EV +2)


Message History

Welcome, browni3141 the Demonspawn Hunter.
Everyone else who sought the Orb of Zot has failed.
Will you be different?
Press ? for a list of commands and other information.
Found a black potion and a fuming green potion.
Found a staircase leading out of the dungeon.
Setting a skill training target for Axes at 18.0.
Setting a skill training target for Invocations at 14.0.
Setting a skill training target for Throwing at 11.0.
No target in view!
d - a black potion No target in view!
e - a fuming green potion No target in view!
Found a stone staircase leading down.
No target in view!
There is a stone staircase leading down here.
A goblin comes into view. It is wielding a +0 dagger.
The goblin shouts!
You shoot an arrow. The arrow hits the goblin!
You kill the goblin!
Things that are here:
a +0 dagger; a goblin corpse
Found a stone staircase leading down.
No target in view!
f - a scroll labelled DEMNEWNEAH No target in view!
g - a scroll labelled KOTASHR WA NIE You see here a +0 hand axe of electrocution.
You now have 12 gold pieces.
A kobold comes into view. It is wielding a +0 dagger.
You shoot an arrow. The arrow hits the kobold!
You kill the kobold!
Your Stealth skill increases to level 1!
Things that are here:
a +0 dagger; 5 stones
Things that are here:
a +0 dagger; 5 stones A bat comes into view.
The bat closely misses you. The bat hits you.
You shoot an arrow. The arrow misses the bat.
The bat hits you but does no damage.
A bat is nearby!
You shoot an arrow. The arrow barely misses the bat.
The bat hits you but does no damage.
A bat is nearby!
You shoot an arrow. The arrow misses the bat.
The bat hits you but does no damage.
A bat is nearby!
You shoot an arrow. The arrow closely misses the bat.
The bat hits you but does no damage.
A bat is nearby!
You shoot an arrow. The arrow misses the bat.
The bat closely misses you.
A bat is nearby!
You shoot an arrow. The arrow hits the bat!
You kill the bat!
You see here a bat corpse.
h - a fizzy white potion No target in view!
You open the door.
There is an open door here.
You open the door.
There is an open door here.
Found a stone staircase leading down.
No target in view!
You now have 19 gold pieces (gained 7).
You now have 27 gold pieces (gained 8).
A bat comes into view.
You shoot an arrow. The arrow hits the bat.
The bat is moderately wounded.
A bat comes into view.
There are monsters nearby!
You shoot an arrow. The arrow hits the bat.
You kill the bat!
The bat hits you.
A bat is nearby!
You shoot an arrow. The arrow hits the bat.
You kill the bat!
You see here a bat corpse.
A dart slug comes into view.
You shoot an arrow. The arrow hits the dart slug.
The dart slug is moderately wounded.
The dart slug launches a dart at you. The slug dart misses you.
A dart slug is nearby!
You shoot an arrow.
The arrow hits the dart slug but does no damage.
The dart slug is moderately wounded.
A dart slug is nearby!
You shoot an arrow. The arrow hits the dart slug.
The dart slug is heavily wounded.
A dart slug is nearby!
You shoot an arrow. The arrow hits the dart slug.
You kill the dart slug!
Your Dodging skill increases to level 2!
You have reached level 2!
Your demonic ancestry asserts itself...
You begin to radiate repulsive energy.
There is a fountain of clear blue water here.
There is a staircase leading out of the dungeon here.
You have escaped!

###..§§§..###...........#.
........§....+...○....#.#..
####.##.♣.♣♣.#..........#..
#..§.♣♣..♣.∩§.....#.#...
#..♣♣.⌠.⌠♣.♣.♣......#..#
#♣♣.♣⌠...⌠♣.♣♣.....#...#
♣.⌠..8..⌠.♣.♣+#).#.#..
♣⌠.......⌠♣.♣...#..#..
♣♣..8.@.8........#.....
♣.⌠.......⌠.♣♣.###...#.
..♣.⌠..8..⌠♣♣.♣..####.#.
#♣♣.♣⌠...⌠§♣♣.....# #...
..♣♣.⌠.⌠♣§♣.♣...## #.#.
##∩♣.♣.♣.♣♣.§##.## #.#.
##.♣♣.♣§.§##.#####.#. ##
###§§§...........
######.#####.##


There were no monsters in sight!

Vanquished Creatures
  A dart slug (D:1)
  3 bats (D:1)
  A goblin (D:1)
  A kobold (D:1)
6 creatures vanquished.

Notes
Turn   | Place    | Note
-------+----------+-------------------------------------------
     0 | D:1      | browni3141 the Demonspawn Hunter began the quest for the
                  | Orb.
     0 | D:1      | Reached XP level 1. HP: 16/16 MP: 1/1
   189 | D:1      | Reached skill level 1 in Stealth
   357 | D:1      | Gained mutation: You are surrounded by a mild repulsion
                  | field. (EV +2) [demonic ancestry]
   357 | D:1      | Reached XP level 2. HP: 22/22 MP: 2/2
   411 | D:$      | Got out of the dungeon alive.

Illustrated notes

Levels and vault maps discovered:
D:1:      heliophobic_arrival_enchanted_forest, layout_loops_corners,
          hangedman_decor_peaks_small, minivault_5

Skill      XL: |  1 |
---------------+----+-----
Stealth        | 1 |  1.2
Dodging        | 2 |  2.0
Fighting       | |  2.2
Ranged Weapons | |  3.7

Action                     || total
---------------------------++-------
   Fire: Shortbow          ||    15
 Armour: Leather armour    ||     6
  Dodge: Dodged            ||     3
